 Dungeon Crawl Stone Soup version 0.28.0-62-gf88900778d (webtiles) character file.

Game seed: 17791264453599201104

2639 cbfl8 the Cleaver (level 9, -6/78 HPs)
             Began as a Minotaur Berserker on June 27, 2023.
             Was an Elder of Trog.
             Shot with a bolt by an orc (9 damage)
             ... in a bailey.
             The game lasted 00:06:13 (8947 turns).

cbfl8 the Cleaver (Minotaur Berserker)              Turns: 8947, Time: 00:06:14

Health: -6/78      AC: 17    Str: 22    XL:     9   Next: 35%
Magic:  8/8        EV:  8    Int:  4    God:    Trog [****..]
Gold:   247        SH:  0    Dex: 14    Spells: 8/8 levels left

rFire   . . .      SeeInvis .   a - +0 hand axe
rCold   . . .      Faith    +   (no shield)
rNeg    + . .      Spirit   .   n - +0 plate armour
rPois   +          Reflect  .   (helmet restricted)
rElec   .          Harm     .   v - +1 cloak {rPois}
rCorr   .          Rampage  .   (no gloves)
Will    .....                   j - +0 pair of boots
Stlth   ..........              c - amulet of faith
HPRegen 0.23/turn               r - ring of positive energy
MPRegen 0.11/turn               (no ring)

@: on berserk cooldown, slowed, very slow
A: horns 2, retaliatory headbutt
a: Renounce Religion, Berserk, Trog's Hand, Brothers in Arms


You were in a bailey.
You worshipped Trog.
Trog was greatly pleased with you.
You visited 1 branch of the dungeon, and saw 7 of its levels.
You also visited: Bailey.

You collected 268 gold pieces.
You spent 21 gold pieces at shops.

Inventory:

Hand Weapons
 a - a +0 hand axe (weapon)
Missiles
 u - a throwing net (quivered)
Armour
 j - a +0 pair of boots (worn)
 n - a +0 plate armour (worn)
 v - a +1 cloak of poison resistance (worn)
Jewellery
 c - an amulet of faith (around neck)
 r - a ring of positive energy (left hand)
Wands
 b - a wand of flame (18)
Scrolls
 e - a scroll of enchant weapon
 f - 3 scrolls of magic mapping
 l - a scroll of identify
 s - 2 scrolls of silence
 w - 2 scrolls of immolation
Potions
 d - a potion of heal wounds {unknown}
 g - 3 potions of might {unknown}
 i - a potion of magic {unknown}
 k - 2 potions of attraction {unknown}
 m - 2 potions of flight {unknown}
 o - a potion of ambrosia {unknown}
 p - 2 potions of curing {unknown}
 q - a potion of haste {unknown}
 t - a potion of degeneration {unknown}
 x - a potion of cancellation {unknown}
 z - a potion of lignification {unknown}


   Skills:
 + Level 6.7 Fighting
 + Level 9.9 Axes
 + Level 7.6 Armour
 + Level 3.4 Dodging
 + Level 1.6 Stealth
 * Level 5.2 Evocations


You had 8 spell levels left.
You didn't know any spells.
Your spell library was empty.

Dungeon Overview and Level Annotations

Branches:
Dungeon (7/15)             Temple (0/1) D:7          Bailey (1/1)

Altars:
Makhleb

Shops:
D:1 *


Innate Abilities, Weirdness & Mutations

You have a pair of horns on your head.
You reflexively headbutt those who attack you in melee.


Message History

You feel yourself moving faster!
You feel mighty!
The orc shoots a bolt.
The bolt hits you.
The orc shoots a bolt.
The bolt barely misses you. The orc hits you but does no damage.
You slash the orc!
You kill the orc!
Trog accepts your kill.
You hear a splash. x3
Your skin stops crawling.
You feel less strong-willed.
The orc shoots a bolt.
The bolt hits you! The orc hits you but does no damage.
The orc shoots a bolt.
The bolt hits you.
* * * LOW HITPOINT WARNING * * *
You slash the orc!
You kill the orc!
Trog accepts your kill.
You hear a splash. x2
The orc unwields a +0 arbalest.
The orc barely misses you.
Things that are here:
a +0 arbalest; 11 bolts; a +0 ring mail You slash the orc!
You feel the power of Trog in you as your rage grows.
You kill the orc!
Trog accepts your kill.
Items here: ( ) [ †.
You feel a strong urge to attack something.
You feel your anger nearly subside.
You are no longer berserk.
You are exhausted.
You feel yourself slow down.
The orc shoots a bolt.
The bolt hits you but does no damage.
The orc shoots a bolt.
The bolt barely misses you.
The orc shoots a bolt.
The bolt hits you but does no damage.
The orc shoots a bolt.
The bolt closely misses you.
Items here: ( ) [ †.
You are too injured to fight recklessly!
You enter the shallow water.
Moving in this stuff is going to be slow.
The orc warrior shoots a bolt.
The bolt hits you!!
* * * LOW HITPOINT WARNING * * *
The orc shoots a bolt.
The bolt barely misses you.
The orc shoots a bolt.
The bolt hits you!
You die...

##≈≈≈≈≈≈≈.....#
#≈≈≈≈≈≈≈.....#
#≈≈≈≈≈≈≈.....#
#≈≈≈≈≈≈≈.....# #
#≈≈≈≈≈≈≈.....#
#≈o##≈≈≈≈≈≈≈.....# #
#≈≈≈≈≈≈)≈≈≈≈.....# ##
#≈≈≈≈≈≈≈≈≈o≈.....# ≈##
#≈≈≈≈≈≈≈@≈≈o.....#
≈≈#######≈≈≈≈≈##)#≈≈.....#
≈≈≈≈≈≈≈≈≈≈≈≈≈≈#∩.##≈.....#
≈≈≈≈≈≈≈≈≈≈≈≈≈≈....#≈.....#
≈≈≈≈≈≈≈≈≈≈≈≈≈≈##.##≈.....#
≈≈≈≈≈≈≈≈≈≈≈≈≈≈≈###≈≈.....#
≈≈≈≈≈≈≈≈≈≈≈≈≈≈≈≈≈≈≈≈.....#
.........................#
.........................#


You could see an orc warrior and 2 orcs.

Vanquished Creatures
  2 wyverns
  A steam dragon (D:7)
  2 water moccasins
  4 orc warriors (Bailey)
  A sky beast (D:5)
  2 black bears
  3 ogres
  2 phantoms
  A kobold brigand (D:7)
  A wyvern skeleton (D:5)
  A water moccasin skeleton (D:5)
  A wight (D:5)
  Crazy Yiuf (D:3)
  A bullfrog zombie (D:5)
  4 hounds
  A bullfrog skeleton (D:5)
  A gnoll shaman (D:6)
  2 orc priests (D:5)
  2 jellies (D:5)
  2 centaur skeletons
  3 iguanas
  Robin (D:4)
  9 adders
  3 gnolls (D:6)
  An ufetubus (D:6)
  2 worms
  A dart slug (D:3)
  14 orcs
  11 endoplasms
  2 giant cockroaches
  22 goblins
  9 hobgoblins
  4 jackals (D:2)
  9 kobolds
  A quokka (D:2)
  9 ball pythons
  3 bats
  4 frilled lizards
  3 rats
146 creatures vanquished.

Vanquished Creatures (others)
  5 fungi (D:3)
5 creatures vanquished.

Grand Total: 151 creatures vanquished

Notes
Turn   | Place    | Note
-------+----------+-------------------------------------------
     0 | D:1      | cbfl8 the Minotaur Berserker began the quest for the Orb.
     0 | D:1      | Reached XP level 1. HP: 19/19 MP: 0/0
    48 | D:1      | Found Omemishura's Assorted Antiques.
    60 | D:1      | Bought a scroll labelled WYRARURHEL for 21 gold pieces
   140 | D:1      | Reached XP level 2. HP: 26/27 MP: 1/1
   430 | D:1      | Reached skill level 4 in Axes
   925 | D:2      | Reached ** piety under Trog
   952 | D:2      | Reached XP level 3. HP: 32/33 MP: 2/2
  1005 | D:2      | Reached skill level 1 in Evocations
  1581 | D:2      | Reached XP level 4. HP: 34/41 MP: 3/3
  1847 | D:2      | Found a faded altar of an unknown god.
  3331 | D:3      | Found a runed translucent door.
  3332 | D:3      | Noticed Crazy Yiuf
  3342 | D:3      | Killed Crazy Yiuf
  3343 | D:3      | Reached skill level 5 in Axes
  3343 | D:3      | Reached XP level 5. HP: 37/47 MP: 4/4
  3847 | D:4      | Reached skill level 1 in Stealth
  3982 | D:4      | Noticed a black bear
  3991 | D:4      | Killed a black bear
  3991 | D:4      | Reached *** piety under Trog
  3992 | D:4      | Reached XP level 6. HP: 55/55 MP: 5/5
  4255 | D:4      | Reached skill level 5 in Fighting
  4255 | D:4      | Reached skill level 6 in Axes
  4404 | D:4      | Noticed Robin
  4423 | D:4      | Killed Robin
  4782 | D:5      | Entered Level 5 of the Dungeon
  4854 | D:5      | Reached XP level 7. HP: 39/61 MP: 6/6
  5067 | D:5      | Noticed a wyvern
  5075 | D:5      | Killed a wyvern
  5147 | D:5      | Reached skill level 7 in Axes
  5418 | D:5      | Reached XP level 8. HP: 70/70 MP: 7/7
  5501 | D:5      | Reached skill level 8 in Axes
  5501 | D:5      | Reached skill level 5 in Armour
  6248 | D:6      | Reached **** piety under Trog
  6740 | D:6      | Found a burning altar of Makhleb.
  6795 | D:6      | Reached skill level 9 in Axes
  7589 | D:6      | Identified the +0 ring mail "Fegoimn" {rElec Int+5}
  7676 | D:7      | Reached XP level 9. HP: 50/77 MP: 8/8
  7824 | D:7      | Found a staircase to the Ecumenical Temple.
  7889 | D:7      | Found a flagged portal.
  7901 | D:7      | Reached skill level 5 in Evocations
  7974 | Bailey   | Entered a bailey
  8947 | Bailey   | HP: 3/78 [orc warrior/bolt (21)]
  8947 | Bailey   | Shot with a bolt by an orc

Illustrated notes

Levels and vault maps discovered:
D:1:      mrwooster_arrival_arrow, layout_basic, serial_shops, shop
D:2:      minmay_inner_zag, layout_basic, ebering_ecumenical_altar_mist
D:3:      layout_basic, chequers_serial_rivers_small_b, uniq_crazy_yiuf_cottage
D:4:      layout_loops_corners, uniq_robin
D:5:      minmay_clustersquares, layout_gridville, kennysheep_path_1
D:6:      layout_cave_pools, makhleb_heckhound_becter
D:7:      minmay_the_grid_plus_closed [minmay_the_grid_all_tris,
          minmay_the_grid_spikes, minmay_the_grid_outer_diamond,
          minmay_the_grid_mess, minmay_the_grid_prize_shrinking_boxes],
          layout_loops_ring, enter_bailey_4, st_stairs_1,
          lightli_corner_chamber, uniq_harold, uniq_menkaure
Bailey:   bailey_polearm_2, bailey

Skill      XL: |  1  2  3  4  5  6  7  8  9 |
---------------+----------------------------+-----
Axes           | 4 5 6 7 9 |  9.9
Fighting       | 4 5 6 |  6.7
Evocations     | 1 2 3 4 5 |  5.2
Stealth        | 1 |  1.6
Dodging        | 3 |  3.4
Armour         | 3 4 6 7 |  7.6

Action                   |  1- 3 |  4- 6 |  7- 9 || total
-------------------------+-------+-------+-------++-------
Melee: Hand axe          |    79 |   165 |   232 ||   476
       Headbutt          |     7 |    33 |    34 ||    74
       Punch             |     1 |       |     4 ||     5
Invok: Berserk           |       |     2 |     4 ||     6
       Trog's Hand       |       |       |     1 ||     1
  Use: Scroll            |     2 |     2 |     3 ||     7
 Stab: Sleeping          |       |     4 |       ||     4
Armor: Animal skin       |     5 |     9 |       ||    14
       Plate armour      |       |    65 |   168 ||   233
Dodge: Dodged            |    50 |    69 |   105 ||   224
